cohdb
Replays
Latest Replays
All Replays
Popular Replays
Top Player Replays
Match Explorer
How It Works
Community
CoH3 Stats
Reddit
Sign in to upload your games and track your stats! →
Sign in with Steam
Match 44034750
Unlisted
Match 44034750
Overview
Messages
Build Orders
End
Construct Infanterie Kompanie
MG 42 Machine Gun Team
Kettenkrad Recon Vehicle
Selects Breakthrough Battlegroup
Selects Assault Grenadiers
Grenadier Squad
GrW 34 Mortar Team
Construct Panzergrenadier Kompanie
MG 42 Bunker
Pak 40 Anti-tank Gun Team
Support Elements
StuG III G Assault Gun
Selects Rapid Production
MG 42 Bunker
Nebelwerfer 42 Rocket Launcher Team
Construct Panzer Kompanie
Selects Smoke Bombing Run
Selects Incendiary Bombing Run
Incendiary Bombing Run
Panzer IV Medium Tank
Heinz Desvírgensen
Vida
magazinwastaken
nicolasgps
dan legend
CarpetKraken
Matper1906
xxxgunner
0
0
Comments
sign in to comment!
No comments posted yet!